[Event "Titled Tuesday Blitz July 18 Early 2023"]
[White "Zemlyanskii, Ivan"]
[Black "Theodorou, Nikolas"]
[WhiteFideId "24249971"]
[BlackFideId "4262875"]
[WhiteElo "2880"]
[BlackElo "3083"]
[Result "0-1"]
[Round "5"]
[TimeControl "180+2"]
[Date "2023.07.18"]
[WhiteClock "0:00:01"]
[BlackClock "0:00:03"]
[Board "11"]

1. d4 Nf6 2. c4 g6 3. h4 Bg7 4. Nc3 d6 5. e4 h5 6. Be2 O-O 7. Bg5 c5 8. d5 e6 9. g4 Qb6 10. gxh5 Qxb2 11. Rc1 exd5 12. cxd5 Nxh5 13. Bd2 Nd7 14. Rb1 Qa3 15. Rb3 Qa5 16. Bxh5 c4 17. Nce2 Qxa2 18. Rg3 Ne5 19. Nc1 Qb1 20. Bf3 c3 21. Bg5 c2 22. Qd2 f5 23. Ne2 fxe4 24. Bxe4 Bf5 25. Rb3 Bxe4 26. Rhh3 Nf3+ 27. Rhxf3 Rxf3 28. Rb4 Re8 29. Rxe4 Rxe4 30. Be3 Qb2 31. Qa5 Rfxe3 32. fxe3 Rxe3 33. Qd8+ Kh7 34. Kf2 Qe5 0-1


[Site "https://www.chess.com"]

[Event "Titled Tuesday Blitz July 18 Early 2023"]
[White "Rakhmanov, Aleksandr"]
[Black "Martinez Alcantara, Jose Eduardo"]
[WhiteFideId "4173708"]
[BlackFideId "3805662"]
[WhiteElo "2867"]
[BlackElo "3026"]
[Result "0-1"]
[Round "5"]
[TimeControl "180+2"]
[Date "2023.07.18"]
[WhiteClock "0:00:00"]
[BlackClock "0:00:27"]
[Board "12"]

1. d4 Nf6 2. c4 e6 3. Nc3 Bb4 4. e3 O-O 5. Bd3 d5 6. a3 Bxc3+ 7. bxc3 dxc4 8. Bxc4 c5 9. Nf3 Qc7 10. Be2 b6 11. Bb2 Bb7 12. O-O Nbd7 13. Rc1 Rfd8 14. Qb3 Rac8 15. Rfd1 Ne4 16. a4 h6 17. h3 Nd6 18. Nd2 Nf6 19. Bf1 Nf5 20. a5 Bc6 21. axb6 axb6 22. Ra1 b5 23. dxc5 Bd5 24. Qb4 Ne7 25. Qh4 Qxc5 26. Ba3 Qc7 27. Bxb5 Ng6 28. Qb4 Qe5 29. Bf1 Qg5 30. e4 Ba8 31. Nf3 Qf4 32. Rxd8+ Rxd8 33. e5 Ne4 34. Re1 Nh4 35. Re3 Ng6 36. Bd3 Ng5 37. Qxf4 Nxf4 38. Nxg5 hxg5 39. Be4 Rd1+ 40. Kh2 Bxe4 41. Rxe4 Rd3 42. Be7 Rxc3 43. Bxg5 Nd5 44. Bd2 Rc2 45. Rd4 Ra2 46. h4 Kh7 47. h5 Ra3 48. g4 g6 49. Kg2 gxh5 50. gxh5 Ra8 51. Rg4 Ne7 52. Bg5 Rg8 53. f3 Nf5 54. Kf2 Ra8 55. Bd2 Ra2 56. Ke2 Rb2 57. Kd1 Rb5 58. Bf4 Rb3 59. Bg5 Rxf3 60. Ke2 Rh3 61. h6 Rh5 62. Kf3 Rh1 63. Bf4 Rh3+ 64. Kg2 Ra3 65. Kf2 Ra4 66. Kf3 Ra3+ 67. Kf2 Ra5 68. Kf3 Rd5 69. Kf2 Rd4 70. Kf3 Rc4 71. Rg1 Nh4+ 72. Ke3 Ng6 73. Bg3 Kxh6 74. Kf3 Kg7 75. Re1 Ne7 76. Bf2 Nf5 77. Rg1+ Kf8 78. Re1 Ke8 79. Bg3 Rc3+ 80. Kf4 Rxg3 81. Rb1 Ra3 82. Kg5 Rg3+ 83. Kf4 Rg6 84. Rb8+ Ke7 85. Rb7+ Kf8 86. Rb8+ Kg7 87. Rb7 Nd4 88. Rb8 Ne2+ 89. Kf3 Ng3 90. Kf4 Nf5 91. Kf3 Rh6 92. Kf4 Rh4+ 93. Kg5 Re4 94. Rb5 Nd4 95. Rc5 Rxe5+ 96. Rxe5 Nf3+ 97. Kf4 Nxe5 98. Kxe5 Kg6 99. Kf4 Kf6 100. Kg4 Ke5 101. Kf3 f5 102. Ke2 Kf6 103. Kf2 e5 104. Ke2 e4 105. Kf2 Ke5 106. Ke2 f4 107. Kf1 e3 108. Kg2 Ke4 0-1


[Site "https://www.chess.com"]

[Event "Titled Tuesday Blitz July 18 Early 2023"]
[White "Timofeev, Artyom"]
[Black "He, Anthony"]
[WhiteFideId "4140419"]
[BlackFideId "2088215"]
[WhiteElo "2851"]
[BlackElo "2945"]
[Result "0-1"]
[Round "5"]
[TimeControl "180+2"]
[Date "2023.07.18"]
[WhiteClock "0:00:32"]
[BlackClock "0:00:18"]
[Board "14"]

1. c4 Nf6 2. Nc3 c5 3. Nf3 g6 4. e4 Bg7 5. d4 cxd4 6. Nxd4 O-O 7. Be2 d6 8. O-O b6 9. Bf3 a6 10. Bg5 Ra7 11. Qd2 Bb7 12. b3 Nbd7 13. Rfe1 Ne5 14. Bd1 Ra8 15. Rc1 Rc8 16. h3 Ned7 17. Bc2 e6 18. Bb1 Qe7 19. Rcd1 Rfd8 20. Nf3 Ne5 21. Nxe5 dxe5 22. Qe3 Qc7 23. Qf3 Rxd1 24. Nxd1 Nd7 25. Ne3 h6 26. Bh4 f5 27. Qg3 f4 28. Qxg6 Nf8 29. Qg4 fxe3 30. Rxe3 Kh7 31. f4 Ng6 32. f5 Nxh4 33. Qxh4 Qd8 34. Qe1 exf5 35. exf5 Bf6 36. Be4 Bxe4 37. Rxe4 Qd7 38. Qf2 Qc6 39. Rg4 Rg8 40. Rxg8 Kxg8 41. Qg3+ Bg7 42. Kh2 e4 43. Qf4 Bf8 44. Qg4+ Kh7 45. f6 Qd6+ 46. g3 Qd2+ 47. Kh1 Qe1+ 48. Kg2 Qd2+ 49. Kh1 Qc1+ 50. Kg2 Qb2+ 51. Kf1 Qa1+ 52. Ke2 Qxa2+ 53. Ke3 Qxb3+ 54. Kf4 Qf3+ 55. Qxf3 exf3 56. Kxf3 Kg6 0-1


[Site "https://www.chess.com"]

[Event "Titled Tuesday Blitz July 18 Early 2023"]
[White "Anton Guijarro, David"]
[Black "Bachmann, Axel"]
[WhiteFideId "2285525"]
[BlackFideId "3700488"]
[WhiteElo "2933"]
[BlackElo "2802"]
[Result "1/2-1/2"]
[Round "5"]
[TimeControl "180+2"]
[Date "2023.07.18"]
[WhiteClock "0:00:08"]
[BlackClock "0:00:08"]
[Board "15"]

1. Nf3 Nf6 2. b3 d5 3. Bb2 Bg4 4. h3 Bxf3 5. exf3 Nbd7 6. f4 e6 7. g3 Bd6 8. Bg2 O-O 9. O-O e5 10. fxe5 Bxe5 11. d4 Bd6 12. c4 c6 13. Nc3 Bb4 14. Ne2 Re8 15. Nf4 Nb6 16. Nd3 Bf8 17. Ne5 Nfd7 18. Qc2 dxc4 19. bxc4 Nxe5 20. dxe5 Bc5 21. Kh2 Qe7 22. f4 Rad8 23. Rad1 Rxd1 24. Rxd1 Rd8 25. Rxd8+ Qxd8 26. f5 Bd4 27. c5 Bxb2 28. Qxb2 Nc4 29. Qc3 Na5 30. e6 fxe6 31. fxe6 b6 32. cxb6 axb6 33. Qe5 Qe8 34. Qd6 g6 35. Qd7 Kf8 36. Qd6+ Qe7 37. Qb8+ Kg7 38. Qxb6 Nc4 39. Qxc6 Nd6 40. Qd5 Kf6 41. a4 Qxe6 42. Qd4+ Qe5 43. Qh4+ Kg7 44. Qb4 Nf5 45. Qa3 Qe2 46. Qc3+ Kh6 47. Qf3 Qa2 48. Qf4+ Kg7 49. h4 h5 50. Qe5+ Kh7 51. a5 Nh6 52. Qc7+ Kh8 53. Qc3+ Kh7 54. Qc7+ Kh8 55. Qb8+ Kh7 56. Qb7+ Kh8 57. a6 Ng4+ 58. Kh3 Nf2+ 59. Kh2 Ng4+ 60. Kh3 Nf2+ 61. Kh2 Ng4+ 1/2-1/2


[Site "https://www.chess.com"]

[Event "Titled Tuesday Blitz July 18 Early 2023"]
[White "Bortnyk, Olexandr"]
[Black "Durarbayli, Vasif"]
[WhiteFideId "14120828"]
[BlackFideId "13402935"]
[WhiteElo "3022"]
[BlackElo "2927"]
[Result "1-0"]
[Round "5"]
[TimeControl "180+2"]
[Date "2023.07.18"]
[WhiteClock "0:00:10"]
[BlackClock "0:00:00"]
[Board "16"]

1. d4 d5 2. Bf4 Nf6 3. Nc3 c5 4. e4 cxd4 5. Qxd4 Nc6 6. Bb5 Bd7 7. Bxc6 Bxc6 8. e5 Nd7 9. e6 fxe6 10. Nf3 Qb6 11. Be5 Qxd4 12. Bxd4 h6 13. h4 Rg8 14. O-O-O g5 15. hxg5 hxg5 16. g4 e5 17. Nxe5 Nxe5 18. Bxe5 d4 19. Bxd4 Bxh1 20. Rxh1 a6 21. Ne4 Rd8 22. c3 Rd5 23. Rh7 Rg6 24. a4 Rh6 25. Rxh6 Bxh6 26. Kc2 Kd7 27. b4 Kc6 28. Be3 b6 29. c4 Rd8 30. b5+ Kb7 31. c5 axb5 32. axb5 bxc5 33. Nxc5+ Kb8 34. Kb3 Rd1 35. Kc4 Kc7 36. Ne6+ Kd6 37. Nd8 Bg7 38. Nf7+ Kc7 39. Nxg5 Bf6 40. Ne6+ Kd6 41. Nc5 Rg1 42. g5 Be5 43. f4 Rg4 44. Ne4+ Kc7 45. Nf2 Rh4 46. Nd3 Bd6 47. Kd5 Rh3 48. Ke4 Rg3 49. Bf2 Rg2 50. Bd4 e6 51. b6+ Kb7 52. Ne5 Re2+ 53. Kf3 Rd2 54. Be3 Rd5 55. g6 Bf8 56. Nf7 Bg7 57. Ng5 Rd6 58. Nf7 Rd5 59. Ke4 Rf5 60. Nd6+ 1-0


[Site "https://www.chess.com"]

[Event "Titled Tuesday Blitz July 18 Early 2023"]
[White "Bluebaum, Matthias"]
[Black "Sahib Singh"]
[WhiteFideId "24651516"]
[BlackFideId "25618342"]
[WhiteElo "3017"]
[BlackElo "2659"]
[Result "1-0"]
[Round "5"]
[TimeControl "180+2"]
[Date "2023.07.18"]
[WhiteClock "0:00:47"]
[BlackClock "0:00:37"]
[Board "17"]

1. d4 d5 2. c4 e6 3. Nc3 c6 4. Nf3 dxc4 5. e4 b5 6. Qc2 Bb7 7. Be2 Nd7 8. O-O Ngf6 9. b3 b4 10. e5 bxc3 11. exf6 gxf6 12. bxc4 c5 13. d5 Bd6 14. Rb1 Rb8 15. Qxc3 Ne5 16. Bf4 Nxf3+ 17. Qxf3 Bxf4 18. Qxf4 Rg8 19. Bf3 e5 20. Rfe1 Qd6 21. Qh6 Ke7 22. Qxh7 Ba6 23. Bh5 Rgf8 24. Rxb8 Qxb8 25. Rb1 Qc7 26. Be2 Rb8 27. h4 Rb4 28. h5 Qb6 29. Rxb4 Qxb4 30. d6+ Kxd6 31. Qxf7 Qb1+ 32. Bf1 Qf5 33. h6 1-0


[Site "https://www.chess.com"]

[Event "Titled Tuesday Blitz July 18 Early 2023"]
[White "Kramnik, Vladimir"]
[Black "2KRK1"]
[WhiteFideId "4101588"]
[WhiteElo "2978"]
[BlackElo "2691"]
[Result "1-0"]
[Round "5"]
[TimeControl "180+2"]
[Date "2023.07.18"]
[WhiteClock "0:00:51"]
[BlackClock "0:00:00"]
[Board "18"]

1. e4 Nf6 2. e5 Nd5 3. d4 d6 4. Nf3 dxe5 5. Nxe5 Nd7 6. Nf3 g6 7. c4 N5f6 8. Nc3 Bg7 9. Be2 O-O 10. O-O Nb6 11. h3 c6 12. Re1 Be6 13. b3 Qc7 14. Bf1 Rad8 15. Rxe6 fxe6 16. Qe1 Qc8 17. Ba3 Rfe8 18. Rd1 Na8 19. g3 Nc7 20. h4 Nd7 21. Bh3 Nf8 22. Ne4 b6 23. Bc1 Qb7 24. Bf4 e5 25. Bxe5 Nce6 26. Bxg7 Nxg7 27. Ne5 Nfe6 28. Qe3 c5 29. d5 Nd4 30. Qh6 Ngf5 31. Bxf5 Nxf5 32. Qg5 Qc7 33. Nxg6 hxg6 34. Qxg6+ Ng7 35. Ng5 e5 36. Qh7+ Kf8 37. Qh8+ 1-0


[Site "https://www.chess.com"]

[Event "Titled Tuesday Blitz July 18 Early 2023"]
[White "Galperin, Platon"]
[Black "Rychagov, Andrey"]
[WhiteFideId "14165414"]
[BlackFideId "4119932"]
[WhiteElo "2974"]
[BlackElo "2686"]
[Result "1-0"]
[Round "5"]
[TimeControl "180+2"]
[Date "2023.07.18"]
[WhiteClock "0:01:42"]
[BlackClock "0:00:34"]
[Board "19"]

1. e4 e6 2. Qe2 c5 3. Nf3 Nc6 4. g3 e5 5. Bg2 g6 6. O-O Bg7 7. Na3 Nf6 8. d3 O-O 9. Bg5 h6 10. Bxf6 Bxf6 11. Nc4 d6 12. c3 Be6 13. Ne3 Bg7 14. Nd2 f5 15. exf5 gxf5 16. f4 Qd7 17. g4 exf4 18. gxf5 fxe3 19. fxe6 Qxe6 20. Nc4 Rae8 21. Rxf8+ Rxf8 22. Nxe3 Kh8 23. Re1 Re8 24. Be4 Qh3 25. Rf1 Ne5 26. Nf5 Ng4 27. Rf3 Qh5 28. Nxg7 d5 29. Nxh5 1-0


[Site "https://www.chess.com"]

[Event "Titled Tuesday Blitz July 18 Early 2023"]
[White "Itgelt, Khuyagtsogt"]
[Black "Van Foreest, Jorden"]
[WhiteFideId "4902912"]
[BlackFideId "1039784"]
[WhiteElo "2683"]
[BlackElo "2957"]
[Result "0-1"]
[Round "5"]
[TimeControl "180+2"]
[Date "2023.07.18"]
[WhiteClock "0:00:00"]
[BlackClock "0:01:05"]
[Board "20"]

1. d4 Nf6 2. c4 e6 3. Nf3 d5 4. g3 Bb4+ 5. Bd2 Be7 6. Bg2 Nbd7 7. Qc2 c6 8. O-O Ne4 9. Bf4 g5 10. Be3 h5 11. Nc3 Nd6 12. cxd5 exd5 13. b3 Nf5 14. Qxf5 g4 15. Ne5 Nxe5 16. Qxe5 f6 17. Qf4 Bd6 18. Qh6 Rxh6 19. Bxh6 f5 20. e3 h4 21. Rfe1 Kf7 22. a3 a5 23. Bf4 Be6 24. Na4 Qe7 25. Bxd6 Qxd6 26. Nc5 b6 27. Nd3 Rh8 28. b4 Ra8 29. Rec1 Kg7 30. Rab1 axb4 31. axb4 Bd7 32. Ra1 Qb8 33. Ne5 Be8 34. gxh4 b5 35. Nd3 Kh6 36. Ra5 Rxa5 37. bxa5 b4 38. Rb1 b3 39. Rb2 f4 40. exf4 Bg6 41. Nc5 Bc2 42. a6 Qb4 43. a7 Qa3 44. Nxb3 Bd3 45. Nc1 Qa1 0-1


[Site "https://www.chess.com"]

[Event "Titled Tuesday Blitz July 18 Early 2023"]
[White "Ibarra Jerez, Jose Carlos"]
[Black "Nagare Kaivalya Sandip"]
[WhiteFideId "2226332"]
[BlackFideId "25957929"]
[WhiteElo "2935"]
[BlackElo "2672"]
[Result "1-0"]
[Round "5"]
[TimeControl "180+2"]
[Date "2023.07.18"]
[WhiteClock "0:00:57"]
[BlackClock "0:00:07"]
[Board "21"]

1. e4 c5 2. Nf3 d6 3. c3 Nf6 4. h3 Nc6 5. Bd3 g6 6. Bc2 Bg7 7. O-O O-O 8. d4 cxd4 9. cxd4 Nb4 10. Bb3 Nxe4 11. Qe1 Nxf2 12. Qxf2 a5 13. Nc3 Bd7 14. Qh4 a4 15. Ng5 h6 16. Nxf7 axb3 17. Nxd8 Rxf1+ 18. Kxf1 Rxd8 19. axb3 Rf8+ 20. Kg1 g5 21. Bxg5 hxg5 22. Qxg5 Nc2 23. Rf1 Rxf1+ 24. Kxf1 Kf7 25. Qh5+ Kf8 26. Qf3+ Bf6 27. Qxb7 Bf5 28. Ne4 Bxd4 29. g4 Be6 30. Ng5 Ne3+ 31. Ke2 Bd5 32. Qc8+ Kg7 33. Ne6+ Bxe6 34. Qxe6 Kf8 35. Qxe3 1-0


[Site "https://www.chess.com"]

[Event "Titled Tuesday Blitz July 18 Early 2023"]
[White "Koshulyan, Egor A."]
[Black "Vokhidov, Shamsiddin"]
[WhiteFideId "24237000"]
[BlackFideId "14204223"]
[WhiteElo "2671"]
[BlackElo "2928"]
[Result "1-0"]
[Round "5"]
[TimeControl "180+2"]
[Date "2023.07.18"]
[WhiteClock "0:00:14"]
[BlackClock "0:00:28"]
[Board "22"]

1. e4 Nf6 2. e5 Nd5 3. d4 d6 4. Nf3 dxe5 5. Nxe5 c6 6. Bc4 Bf5 7. O-O e6 8. Nd2 Nb4 9. c3 Nc2 10. Rb1 Nxd4 11. cxd4 Qxd4 12. Nef3 Qf6 13. Ra1 Be7 14. Nb3 h6 15. Bf4 Nd7 16. Na5 Nb6 17. Bb3 Rd8 18. Qe2 Bd3 19. Qe3 Bxf1 20. Rxf1 Nd5 21. Bxd5 Rxd5 22. Be5 Qg6 23. Qxa7 O-O 24. Qxb7 Rxa5 25. Qxe7 Rxa2 26. Qc5 Rc8 27. Qb6 c5 28. h3 Raa8 29. Rc1 c4 30. Qb7 Qd3 31. Rc3 Qd1+ 32. Kh2 Qe2 33. Qb6 Ra1 34. b3 Ra2 35. Bd4 Raa8 36. bxc4 Rxc4 37. Qb5 Raa4 38. Ne5 Rab4 39. Qe8+ Kh7 40. Nxc4 Rxc4 41. Qb5 1-0


[Site "https://www.chess.com"]

[Event "Titled Tuesday Blitz July 18 Early 2023"]
[White "Gordievsky, Dmitry"]
[Black "Aaditya Dhingra"]
[WhiteFideId "24112798"]
[BlackFideId "25678191"]
[WhiteElo "2901"]
[BlackElo "2668"]
[Result "0-1"]
[Round "5"]
[TimeControl "180+2"]
[Date "2023.07.18"]
[WhiteClock "0:00:00"]
[BlackClock "0:00:29"]
[Board "23"]

1. Nf3 c5 2. c4 Nc6 3. Nc3 Nf6 4. g3 d5 5. d4 dxc4 6. d5 Nb4 7. e4 e6 8. Bxc4 exd5 9. exd5 Bd6 10. a3 Na6 11. Qe2+ Qe7 12. Qxe7+ Kxe7 13. O-O Nc7 14. Re1+ Kf8 15. Bf4 Bxf4 16. gxf4 Bf5 17. d6 Nce8 18. Rad1 Rd8 19. Re5 Bg4 20. Be2 b6 21. Re7 Bxf3 22. Bxf3 Rxd6 23. Rxa7 g6 24. Re1 Kg7 25. Ree7 Rf8 26. Be2 Rd2 27. Bc4 Nd6 28. b3 Nxc4 29. bxc4 Rd4 30. Nb5 Rxf4 31. Reb7 Ne4 32. Rxb6 Rd8 33. Kg2 Rxf2+ 34. Kh3 Rd3+ 35. Kg4 h5+ 0-1


[Site "https://www.chess.com"]

[Event "Titled Tuesday Blitz July 18 Early 2023"]
[White "Tica, Sven"]
[Black "Baskakov, Egor"]
[WhiteFideId "14526948"]
[BlackFideId "24197866"]
[WhiteElo "2661"]
[BlackElo "2878"]
[Result "1-0"]
[Round "5"]
[TimeControl "180+2"]
[Date "2023.07.18"]
[WhiteClock "0:00:45"]
[BlackClock "0:00:04"]
[Board "24"]

1. Nf3 Nf6 2. g3 e6 3. Bg2 d5 4. O-O Be7 5. d3 O-O 6. Nbd2 d4 7. c3 c5 8. cxd4 cxd4 9. a4 Nc6 10. Nc4 Nd5 11. b3 f6 12. Bb2 e5 13. Nfd2 Be6 14. Ne4 Rc8 15. Rc1 Ncb4 16. Na3 Qd7 17. Qd2 h6 18. Qe1 Na2 19. Rxc8 Rxc8 20. Qa1 Nac3 21. Bxc3 Nxc3 22. Nxc3 Rxc3 23. Nb5 Rc2 24. Rc1 Rxe2 25. Rc7 Qd8 26. Rxb7 a5 27. Ra7 Bd5 28. Bxd5+ Qxd5 29. Rxe7 Qf3 30. Qf1 Rd2 31. Nxd4 exd4 32. Re1 Rxd3 33. h4 Kh7 34. h5 Rxb3 35. Qc4 Rb2 36. Qxd4 Rb4 37. Qc5 Rxa4 38. Qc2+ f5 39. Qxa4 1-0


[Site "https://www.chess.com"]

[Event "Titled Tuesday Blitz July 18 Early 2023"]
[White "Galchenko, Matvey"]
[Black "benny_aizenberg"]
[WhiteFideId "24175480"]
[WhiteElo "2869"]
[BlackElo "2657"]
[Result "1-0"]
[Round "5"]
[TimeControl "180+2"]
[Date "2023.07.18"]
[WhiteClock "0:01:37"]
[BlackClock "0:00:11"]
[Board "25"]

1. f4 e5 2. fxe5 d6 3. Nf3 dxe5 4. e4 Nc6 5. Bc4 Bc5 6. Qe2 Nf6 7. Bxf7+ Kxf7 8. Qc4+ Ke8 9. Qxc5 Nxe4 10. Qe3 Qd5 11. d3 Nf6 12. Nc3 Qe6 13. O-O Bd7 14. Re1 Rf8 15. Nxe5 Nxe5 16. Qxe5 Kf7 17. Bf4 Qxe5 18. Bxe5 c6 19. Bxf6 gxf6 20. Ne4 b6 21. Nd6+ Kg6 22. Re7 Bg4 23. h3 Rad8 24. Nc4 Rd7 25. Rae1 Rxe7 26. Rxe7 Bd1 27. Ne3 Bh5 28. g4 Rg8 29. Kf2 Bxg4 30. hxg4 a5 31. Kf3 h5 32. gxh5+ Kxh5 33. Re6 Kg5 34. Rxc6 Rh8 35. Rxb6 Rh3+ 36. Ke4 Rh4+ 37. Kf3 Rh3+ 38. Kf2 Rh2+ 39. Ng2 f5 40. Rb5 Kg4 41. Rxa5 Kh3 42. Rxf5 Rxg2+ 43. Kf3 Rxc2 44. Rh5# 1-0


[Site "https://www.chess.com"]

[Event "Titled Tuesday Blitz July 18 Early 2023"]
[White "Haug, Havard"]
[Black "Vitiugov, Nikita"]
[WhiteFideId "1547887"]
[BlackFideId "4152956"]
[WhiteElo "2659"]
[BlackElo "2864"]
[Result "0-1"]
[Round "5"]
[TimeControl "180+2"]
[Date "2023.07.18"]
[WhiteClock "0:00:00"]
[BlackClock "0:00:30"]
[Board "26"]

1. e4 c5 2. c3 Nf6 3. e5 Nd5 4. Nf3 d6 5. d4 cxd4 6. cxd4 Nc6 7. Bc4 Nb6 8. Bxf7+ Kxf7 9. e6+ Kg8 10. Ng5 Qe8 11. d5 Ne5 12. f4 h6 13. Ne4 Qg6 14. Qe2 Nxd5 15. fxe5 Bxe6 16. O-O Bf5 17. Ng3 Bxb1 18. Qf3 e6 19. Rxb1 Qxb1 20. Qf7+ Kh7 21. Qxe6 dxe5 22. Qxd5 Qg6 23. Be3 Rc8 24. Ne4 Rc2 25. g3 Be7 26. Rf7 Rd8 27. Qb3 Qxe4 28. Bf2 Rc1+ 29. Be1 Rxe1+ 30. Rf1 Bc5+ 0-1


[Site "https://www.chess.com"]

[Event "Titled Tuesday Blitz July 18 Early 2023"]
[White "Schwabeneder, Florian"]
[Black "Bacrot, Etienne"]
[WhiteFideId "1626191"]
[BlackFideId "605506"]
[WhiteElo "2655"]
[BlackElo "2851"]
[Result "0-1"]
[Round "5"]
[TimeControl "180+2"]
[Date "2023.07.18"]
[WhiteClock "0:00:00"]
[BlackClock "0:00:04"]
[Board "27"]

1. e4 c5 2. Nc3 Nc6 3. g3 g6 4. Bg2 Bg7 5. Nge2 e5 6. Nd5 Nge7 7. Nec3 O-O 8. h4 h6 9. d3 d6 10. h5 g5 11. f4 gxf4 12. gxf4 Nxd5 13. Nxd5 f5 14. c3 Be6 15. Be3 Bxd5 16. exd5 exf4 17. dxc6 fxe3 18. cxb7 Rb8 19. Qb3+ Kh8 20. O-O-O e2 21. Rd2 Qg5 22. Qd5 f4 23. Qf3 Rbe8 24. Re1 Re3 25. Rdxe2 Rxf3 26. Bxf3 Qd8 27. Re7 Be5 28. Re6 Qc7 29. Rg1 Bf6 30. Rg6 Bg7 31. Rxd6 Rb8 32. Rde6 Rxb7 33. Bxb7 Qxb7 34. Re8+ Kh7 35. Rge6 Qh1+ 36. Kc2 Qxh5 37. R8e7 f3 38. Rf6 Qg5 39. Rff7 f2 0-1


[Site "https://www.chess.com"]

[Event "Titled Tuesday Blitz July 18 Early 2023"]
[White "Gorovets, Andrey"]
[Black "Shuvalova, Polina"]
[WhiteFideId "13504037"]
[BlackFideId "24171760"]
[WhiteElo "2849"]
[BlackElo "2653"]
[Result "0-1"]
[Round "5"]
[TimeControl "180+2"]
[Date "2023.07.18"]
[WhiteClock "0:00:23"]
[BlackClock "0:01:25"]
[Board "28"]

1. Nf3 Nf6 2. c4 e6 3. g3 d5 4. d4 Be7 5. Nc3 O-O 6. Bg2 Nbd7 7. b3 c6 8. Qd3 b6 9. O-O a5 10. Rd1 Ba6 11. e4 b5 12. cxb5 cxb5 13. e5 b4 14. Qc2 Rc8 15. exf6 Nxf6 16. Ne5 Rxc3 17. Qd2 Qc7 18. a3 Rc8 19. axb4 Bxb4 20. Qb2 Rc2 21. Qb1 Be2 22. Bf4 Bxd1 23. Qxd1 Qc3 0-1


[Site "https://www.chess.com"]

[Event "Titled Tuesday Blitz July 18 Early 2023"]
[White "Jeet, Jain"]
[Black "Ter-Sahakyan, Samvel"]
[WhiteFideId "5073022"]
[BlackFideId "13302531"]
[WhiteElo "2650"]
[BlackElo "2843"]
[Result "0-1"]
[Round "5"]
[TimeControl "180+2"]
[Date "2023.07.18"]
[WhiteClock "0:00:12"]
[BlackClock "0:00:06"]
[Board "29"]

1. Nf3 d5 2. e3 c5 3. c4 d4 4. exd4 cxd4 5. d3 Nc6 6. g3 e5 7. Bg2 Nf6 8. O-O Nd7 9. b3 Be7 10. Ba3 O-O 11. Re1 Re8 12. Bxe7 Rxe7 13. Na3 h6 14. Nc2 a5 15. a3 Nc5 16. Rb1 Bf5 17. Bf1 Qd6 18. b4 axb4 19. axb4 Na4 20. Ra1 Ree8 21. Ncxd4 exd4 22. Rxe8+ Rxe8 23. Qxa4 Qxb4 24. Qxb4 Nxb4 25. Nxd4 Bxd3 26. Bxd3 Nxd3 27. Rb1 Rd8 28. Nf5 Rd7 29. Rd1 h5 30. Kf1 g6 31. Ne3 Nc5 32. Rxd7 Nxd7 33. Ke2 Kf8 34. Kd3 Ke7 35. Kd4 Kd6 36. h4 Ne5 37. c5+ Ke6 38. Nd1 Ng4 39. Ke4 f6 40. Kd4 g5 41. Ke4 f5+ 42. Kd4 gxh4 43. gxh4 Ne5 44. Ne3 Nf3+ 45. Kc4 Nxh4 46. Kb5 f4 47. Nc4 Nf5 48. Kb6 Kd5 49. Nd2 h4 50. Nf3 h3 51. Nh2 Nd4 52. Ng4 Ne6 53. Nf6+ Ke5 54. Ng4+ Kf5 55. Nh2 Ke4 56. c6 bxc6 57. Kxc6 Nd4+ 58. Kd6 Nf3 59. Ng4 Kf5 0-1


[Site "https://www.chess.com"]

[Event "Titled Tuesday Blitz July 18 Early 2023"]
[White "Komov, Roman"]
[Black "Harsh Suresh"]
[WhiteFideId "24175714"]
[BlackFideId "45018464"]
[WhiteElo "2647"]
[BlackElo "2837"]
[Result "0-1"]
[Round "5"]
[TimeControl "180+2"]
[Date "2023.07.18"]
[WhiteClock "0:00:05"]
[BlackClock "0:00:39"]
[Board "30"]

1. e4 g6 2. d4 Nf6 3. Nc3 d5 4. e5 Ne4 5. h4 Nxc3 6. bxc3 h5 7. Bd3 c5 8. Nh3 Bxh3 9. Rxh3 e6 10. a4 Nc6 11. Ba3 cxd4 12. Bxf8 Kxf8 13. cxd4 Qa5+ 14. Kf1 Ne7 15. Rf3 Rc8 16. Rb1 b6 17. Bb5 Nf5 18. g3 Rc3 19. Rd3 Kg7 20. Rb3 Rhc8 21. Rbxc3 Rxc3 22. Qd2 Rxd3 23. Qxd3 Qb4 24. c3 Qb2 25. Kg2 Qc1 26. Be8 Kf8 27. Bd7 g5 28. hxg5 Qxg5 29. Bc6 h4 30. Kh3 hxg3 31. fxg3 Ne3 32. Kh2 Qh5+ 33. Kg1 Qf3 34. Qd2 Qf1+ 35. Kh2 Ng4# 0-1


[Site "https://www.chess.com"]

[Event "Titled Tuesday Blitz July 18 Early 2023"]
[White "Lamaze, Simon"]
[Black "KhalilMousavi98"]
[WhiteFideId "36069264"]
[WhiteElo "2644"]
[BlackElo "2829"]
[Result "1-0"]
[Round "5"]
[TimeControl "180+2"]
[Date "2023.07.18"]
[WhiteClock "0:00:10"]
[BlackClock "0:00:00"]
[Board "31"]

1. e4 c5 2. Nf3 d6 3. d4 cxd4 4. Nxd4 Nf6 5. Nc3 a6 6. Bd2 e6 7. g4 b5 8. g5 Nfd7 9. a3 Bb7 10. h4 Be7 11. Rg1 Nc6 12. Nxc6 Bxc6 13. h5 g6 14. Be3 Qc7 15. Qd4 Ne5 16. Be2 O-O-O 17. f4 Nd7 18. a4 e5 19. Qd2 exf4 20. Bxf4 Qb7 21. axb5 axb5 22. Nd5 Bxd5 23. Qxd5 Qxd5 24. exd5 Nb6 25. O-O-O Nc4 26. Bxc4 bxc4 27. Rd4 gxh5 28. Rxc4+ Kd7 29. Rh1 h6 30. gxh6 h4 31. Kd2 Rdg8 32. Ra4 Ra8 33. Rxa8 Rxa8 34. b4 f5 35. Kd3 Bf6 36. c3 Ra3 37. Bd2 Ra8 38. Rf1 h3 39. Rxf5 Be5 40. Rh5 h2 41. h7 Ke7 42. c4 Kf7 43. Bc3 Ra3 44. Kd2 Bxc3+ 45. Kc2 Bh8 46. c5 Ra1 47. c6 Ra2+ 48. Kb3 Rb2+ 49. Ka3 Rc2 50. Ka4 Ke7 51. Kb5 Kd8 52. Kb6 Kc8 53. Rg5 Bd4+ 54. Ka6 1-0


[Site "https://www.chess.com"]

[Event "Titled Tuesday Blitz July 18 Early 2023"]
[White "Ovchinnikov, Vsevolod"]
[Black "Pakleza, Zbigniew"]
[WhiteFideId "24176842"]
[BlackFideId "1119290"]
[WhiteElo "2642"]
[BlackElo "2808"]
[Result "1-0"]
[Round "5"]
[TimeControl "180+2"]
[Date "2023.07.18"]
[WhiteClock "0:00:08"]
[BlackClock "0:00:04"]
[Board "32"]

1. d4 d6 2. Nf3 Bg4 3. Nbd2 Nf6 4. h3 Bh5 5. g4 Bg6 6. Nh4 e6 7. Bg2 c6 8. c3 Be7 9. Qb3 Qb6 10. Nxg6 hxg6 11. Nc4 Qxb3 12. axb3 Nbd7 13. Bf4 d5 14. Nd6+ Bxd6 15. Bxd6 Ne4 16. Bf4 g5 17. Bh2 Ke7 18. f3 Nd6 19. e4 f5 20. gxf5 exf5 21. exd5 cxd5 22. f4 gxf4 23. Bxf4 Ne4 24. O-O Ke6 25. c4 Nb6 26. Ra5 Rhf8 27. Rfa1 a6 28. Bc7 Nd7 29. Rxd5 Ndf6 30. Re5+ Kd7 31. Ba5 g6 32. Be1 Rae8 33. Rxe8 Rxe8 34. Bh4 Nh5 35. Re1 Nd2 36. Rxe8 Kxe8 37. Bxb7 Nxb3 38. Bxa6 Nxd4 39. Bf2 Nf3+ 40. Kf1 Nd2+ 41. Ke2 Ne4 42. Be1 Nf4+ 43. Ke3 Nxh3 44. b4 Nhg5 45. c5 Ne6 46. c6 Nd6 47. Bd3 f4+ 48. Kf3 g5 49. b5 Kd8 50. Kg4 Kc8 51. Ba5 Nd4 52. Kxg5 N4xb5 53. Kxf4 Nd4 54. Bb4 Nxc6 55. Bxd6 Kd7 56. Bc5 Kc7 57. Bb5 Kb7 58. Ke4 Na7 59. Ba4 Nc6 60. Kd5 Na5 61. Bd7 Ka6 62. Bd6 Nb7 63. Bb4 Kb6 64. Bc6 Nd8 65. Ba4 Nb7 66. Bf8 Kc7 67. Bb5 Kb6 68. Bd3 Kc7 69. Bg7 Kb6 70. Bd4+ Kc7 71. Kc4 Kc6 72. Be4+ Kc7 73. Be5+ Kb6 74. Kb4 Ka6 75. Bd3+ Kb6 76. Bd4+ Kc7 77. Be5+ Kb6 78. Bc4 Kc6 79. Bb5+ Kb6 80. Bd4+ Kc7 81. Bc4 Kc6 82. Bb3 Kc7 83. Be5+ Kb6 84. Bd5 Ka6 85. Be6 Kb6 86. Bc8 Kc6 87. Bf5 Kb6 88. Bd4+ Kc7 89. Kc3 Kc6 90. Bd3 Kc7 91. Be5+ Kc6 92. Kd4 Kb6 93. Be4 Nc5 94. Bf3 Nb7 95. Kd5 Kb5 96. Be2+ Kb6 97. Bd4+ Kc7 98. Ke6 Kc6 99. Bf3+ Kc7 100. Ke7 Na5 101. Be5+ Kb6 102. Bd5 Nb7 103. Kd7 Nc5+ 104. Kc8 Nb7 105. Bxb7 Kc5 106. Bc7 Kc4 107. Kd7 Kd4 108. Bd6 Kd3 109. Bd5 1-0


[Site "https://www.chess.com"]